[Event "Titled Tuesday Blitz June 6 Early 2023"]
[White "Jaracz, Pawel"]
[Black "Gatterer, Florian"]
[WhiteFideId "1102222"]
[BlackFideId "811688"]
[WhiteElo "2454"]
[BlackElo "2221"]
[Result "1-0"]
[Round "1"]
[TimeControl "180+2"]
[Date "2023.06.06"]
[WhiteClock "0:00:38"]
[BlackClock "0:00:14"]
[Board "90"]

1. e4 c5 2. Nf3 e6 3. d4 cxd4 4. Nxd4 Nf6 5. Nc3 Nc6 6. a3 Be7 7. Be2 O-O 8. O-O d6 9. Be3 Nxd4 10. Bxd4 e5 11. Be3 Be6 12. Bf3 a6 13. Qe2 Rc8 14. Rfd1 Qc7 15. Rd2 b5 16. g4 h6 17. Kh1 Nh7 18. Bg2 Bg5 19. Rad1 Bxe3 20. Qxe3 Bxg4 21. f3 Be6 22. Rxd6 Rfd8 23. Qd2 Rxd6 24. Qxd6 Qxd6 25. Rxd6 Ra8 26. Bf1 Kf8 27. a4 b4 28. Nd5 Bxd5 29. Rxd5 Ng5 30. Rxe5 Nxf3 31. Ra5 Nd2 32. Bd3 Ke7 33. Kg2 b3 34. c3 Rd8 35. Rd5 Ra8 36. Kf2 f5 37. exf5 Rc8 38. Rd4 Rc5 39. Ke3 Nf1+ 40. Bxf1 Rxf5 41. Bxa6 Rh5 42. h4 g5 43. Be2 Rxh4 44. Rxh4 gxh4 45. Bc4 Kd6 46. Bxb3 Kc7 47. Kf3 Kb8 48. Bd5 Ka7 49. b4 Kb6 50. Kg4 Kc7 51. a5 Kb8 52. b5 Ka7 53. c4 Kb8 54. c5 Kc7 55. Kxh4 Kb8 56. b6 h5 57. a6 1-0


[Site "https://www.chess.com"]

[Event "Titled Tuesday Blitz June 6 Early 2023"]
[White "Fernandez Garcia, Gumersindo"]
[Black "Wagner, Dennis"]
[WhiteFideId "24516740"]
[BlackFideId "24650684"]
[WhiteElo "2093"]
[BlackElo "2478"]
[Result "1/2-1/2"]
[Round "1"]
[TimeControl "180+2"]
[Date "2023.06.06"]
[WhiteClock "0:00:04"]
[BlackClock "0:00:05"]
[Board "91"]

1. d4 Nf6 2. c4 e6 3. Nf3 d5 4. g3 Be7 5. Bg2 O-O 6. Qc2 c6 7. Nbd2 a5 8. O-O b6 9. e4 Na6 10. a3 Bb7 11. cxd5 cxd5 12. e5 Ne4 13. Rd1 Rc8 14. Qd3 Nb8 15. h4 Qc7 16. Ne1 Ba6 17. Qe3 Nxd2 18. Bxd2 Qd7 19. Rac1 Rxc1 20. Rxc1 Rc8 21. Bf1 Bxf1 22. Kxf1 Rxc1 23. Bxc1 Qc6 24. Bd2 Qc4+ 25. Qd3 Nc6 26. Be3 b5 27. Ke2 Kf8 28. f4 Ke8 29. h5 Kd7 30. g4 g6 31. hxg6 hxg6 32. Nc2 a4 33. Ne1 Na5 34. Bd2 Nb3 35. Qxc4 dxc4 36. Bc3 Kc6 37. Ng2 Kd5 38. Ke3 Bd8 39. Ne1 g5 40. Nc2 gxf4+ 41. Kxf4 Kc6 42. Nb4+ Kd7 43. d5 exd5 44. Nxd5 Nc5 45. Kf5 Nd3 46. Nf6+ Bxf6 47. exf6 Ke8 48. g5 Nc5 49. g6 fxg6+ 50. Kxg6 Nd7 51. f7+ Ke7 52. Bb4+ Ke6 53. f8=Q Nxf8+ 54. Bxf8 Kd5 55. Be7 Kd4 56. Bf6+ Kd3 57. Bc3 Kc2 58. Bf6 Kb3 59. Kf5 b4 60. axb4 Kxb4 61. Ke4 Kb3 62. Kd5 a3 63. bxa3 Kxa3 64. Kxc4 1/2-1/2


[Site "https://www.chess.com"]

[Event "Titled Tuesday Blitz June 6 Early 2023"]
[White "Aradhya, Garg"]
[Black "Schuh, Karsten"]
[WhiteFideId "25006746"]
[BlackFideId "4637950"]
[WhiteElo "2263"]
[BlackElo "2177"]
[Result "1/2-1/2"]
[Round "1"]
[TimeControl "180+2"]
[Date "2023.06.06"]
[WhiteClock "0:00:18"]
[BlackClock "0:00:33"]
[Board "92"]

1. d4 f5 2. Nf3 Nf6 3. c4 e6 4. Nc3 Bb4 5. Bd2 b6 6. e3 O-O 7. Bd3 Bb7 8. O-O Bxc3 9. Bxc3 Ne4 10. Rc1 d6 11. d5 Nxc3 12. Rxc3 e5 13. e4 f4 14. Nd2 a5 15. Be2 Na6 16. Bg4 Bc8 17. b3 Qf6 18. a3 Qg6 19. Bxc8 Raxc8 20. Qf3 Ra8 21. Rb1 Nc5 22. b4 Nd7 23. h3 Nf6 24. c5 axb4 25. axb4 Ra2 26. Rd3 Rfa8 27. cxb6 cxb6 28. Rc1 Ra1 29. Rc3 Rxc1+ 30. Rxc1 h6 31. Nc4 Nxe4 32. Nxb6 Ra2 33. Rc8+ Kh7 34. Nd7 Ra1+ 35. Kh2 Qf5 36. Nf8+ Kg8 37. Ne6+ Kh7 38. Nf8+ Kg8 39. Ne6+ Kh7 40. Nf8+ 1/2-1/2


[Site "https://www.chess.com"]

[Event "Titled Tuesday Blitz June 6 Early 2023"]
[White "Topalov, Aleksandar"]
[Black "Matinian, Nikita"]
[WhiteFideId "925659"]
[BlackFideId "24129100"]
[WhiteElo "2151"]
[BlackElo "2422"]
[Result "1-0"]
[Round "1"]
[TimeControl "180+2"]
[Date "2023.06.06"]
[WhiteClock "0:00:03"]
[BlackClock "0:00:01"]
[Board "93"]

1. b3 g6 2. Bb2 Nf6 3. Bxf6 exf6 4. c4 d5 5. cxd5 Qxd5 6. e3 Bg7 7. Nc3 Qa5 8. a3 c5 9. Qc2 O-O 10. Nf3 Nc6 11. Bb5 Bg4 12. Bxc6 bxc6 13. O-O Bxf3 14. gxf3 Rfd8 15. Rfd1 f5 16. f4 Rxd2 17. Qxd2 Bxc3 18. Qd7 Bxa1 19. Qxc6 Rb8 20. Rxa1 Qc3 21. Rd1 Qxb3 22. Rd7 Qxa3 23. Qd5 Rf8 24. Rc7 a5 25. Rxc5 a4 26. Ra5 Qa1+ 27. Kg2 h5 28. Qc4 Qd1 29. h3 Qd7 30. Rxa4 Qb7+ 31. Kg1 Rc8 32. Qf1 Qf3 33. Ra1 Kg7 34. Qg2 Qe2 35. Qf1 Qc2 36. Ra7 Rc4 37. Qa1+ Rc3 38. Rc7 Qb1+ 39. Qxb1 Rxc7 40. Qb2+ Kg8 41. Qf6 Rd7 42. Kg2 Rd2 43. Kg3 Rd1 44. Kh4 Rg1 45. Qe7 Kg7 46. Qe8 Rg2 47. Qe5+ Kg8 48. Qe8+ Kg7 49. Qe5+ Kg8 50. Qb2 Kh7 51. Qe2 Kg7 52. Qf3 Rg1 53. e4 fxe4 54. Qxe4 Kg8 55. f5 Kg7 56. Qe5+ Kg8 57. f6 Kh7 58. Qe8 Kh6 59. Qh8# 1-0


[Site "https://www.chess.com"]

[Event "Titled Tuesday Blitz June 6 Early 2023"]
[White "De La Colina, Nicolas"]
[Black "FunnyDuck66"]
[WhiteFideId "30946921"]
[WhiteElo "2046"]
[BlackElo "2400"]
[Result "0-1"]
[Round "1"]
[TimeControl "180+2"]
[Date "2023.06.06"]
[WhiteClock "0:00:01"]
[BlackClock "0:00:39"]
[Board "94"]

1. e4 c6 2. d4 d5 3. exd5 cxd5 4. Bd3 Nc6 5. c3 Nf6 6. h3 g6 7. Bf4 Bf5 8. Nf3 e6 9. O-O Be7 10. Re1 O-O 11. Bf1 Bxb1 12. Rxb1 Ne4 13. Bd3 Nd6 14. Qe2 Bf6 15. Rbd1 a6 16. Ne5 Rc8 17. Qf3 Bg7 18. Bh2 b5 19. a3 Nc4 20. Nxc6 Rxc6 21. Re2 a5 22. Bb1 Qb6 23. h4 b4 24. cxb4 axb4 25. a4 b3 26. Rd3 Qb4 27. Rxb3 Qxa4 28. Bg3 Bxd4 29. Rb7 Qd1+ 30. Kh2 Qxb1 31. h5 Bg7 32. b3 Na5 33. Ra7 Nxb3 34. Rb7 Rc3 35. Re3 d4 36. Rxc3 dxc3 37. Bd6 Qf5 38. Qxf5 gxf5 39. Bxf8 c2 40. Ba3 c1=Q 41. Rb8+ Bf8 42. Bxc1 Nxc1 43. Rd8 Ne2 44. g3 Nc3 45. Kg2 Nd5 46. Ra8 h6 47. Ra4 Kg7 48. f3 Be7 49. Kh3 Kf6 50. Rc4 Ne3 51. Ra4 Nd5 52. Ra7 Bd6 53. Ra6 Be5 54. Ra7 Ne3 55. g4 fxg4+ 56. fxg4 Bf4 57. Ra4 Bg5 58. Ra7 Nd5 59. Ra4 Ke5 60. Ra7 f6 61. Ra1 Ke4 62. Kg3 f5 63. gxf5 exf5 64. Re1+ Ne3 65. Ra1 f4+ 66. Kf2 Bh4+ 67. Kg1 Kf3 68. Ra3 Kg3 69. Ra2 Bg5 70. Ra3 f3 71. Ra2 Ng4 72. Rb2 f2+ 0-1


[Site "https://www.chess.com"]

[Event "Titled Tuesday Blitz June 6 Early 2023"]
[White "Begunov, Konstantin"]
[Black "benny_aizenberg"]
[WhiteFideId "4118510"]
[WhiteElo "1993"]
[BlackElo "2702"]
[Result "0-1"]
[Round "1"]
[TimeControl "180+2"]
[Date "2023.06.06"]
[WhiteClock "0:00:02"]
[BlackClock "0:00:06"]
[Board "95"]

1. d4 Nf6 2. c4 e6 3. Nf3 d5 4. cxd5 exd5 5. Nc3 Bd6 6. Bg5 c6 7. Qc2 h6 8. Bxf6 Qxf6 9. Nxd5 Qd8 10. Nc3 O-O 11. e3 Re8 12. Be2 Bg4 13. O-O Nd7 14. a3 a5 15. Nd2 Qh4 16. g3 Qh5 17. Bxg4 Qxg4 18. Nc4 Bc7 19. Qe2 Qh3 20. Qf3 h5 21. Ne4 Qe6 22. Ncd2 g6 23. Ng5 Qe7 24. h4 Nf6 25. Rac1 Rad8 26. Kg2 Kg7 27. Nb3 Ng4 28. Nc5 Bb8 29. Nd3 Rd5 30. Rc5 Red8 31. Rfc1 Ba7 32. Rxd5 Rxd5 33. Nf4 Rf5 34. Qe4 Qd6 35. Qe8 Nh6 36. Ne4 Qc7 37. Qa8 Bb6 38. Qe8 Rb5 39. Rc2 a4 40. Ng5 Qd6 41. Qe4 Bd8 42. Nf3 Nf5 43. Ne5 Bf6 44. Nc4 Qd7 45. Nd2 Nd6 46. Qd3 Qg4 47. Nf3 Nf5 48. Qe4 Bxh4 49. Qe8 Bxg3 50. Ne5 Nh4+ 51. Kf1 Qd1# 0-1


[Site "https://www.chess.com"]

[Event "Titled Tuesday Blitz June 6 Early 2023"]
[White "Abdilkhair, Abilmansur"]
[Black "LeoLV10"]
[WhiteFideId "13716417"]
[WhiteElo "2210"]
[BlackElo "2397"]
[Result "1/2-1/2"]
[Round "1"]
[TimeControl "180+2"]
[Date "2023.06.06"]
[WhiteClock "0:01:03"]
[BlackClock "0:01:17"]
[Board "96"]

1. e4 c6 2. d4 d5 3. Nc3 dxe4 4. Nxe4 Nf6 5. Nxf6+ exf6 6. c3 Bd6 7. Bd3 O-O 8. Qc2 Re8+ 9. Ne2 h5 10. Be3 Nd7 11. O-O-O Nf8 12. h3 b5 13. g4 h4 14. Rhg1 a5 15. g5 f5 16. Bxf5 Bxf5 17. Qxf5 Ng6 18. Kb1 a4 19. a3 Qe7 20. Rg4 Reb8 21. Qe4 Bxa3 22. Qxe7 Bxe7 23. d5 cxd5 24. Rxd5 b4 25. cxb4 Bxb4 26. Rdd4 Ba3 27. Bc1 Bxb2 28. Bxb2 a3 29. Rb4 axb2 30. Kxb2 Rxb4+ 31. Rxb4 Re8 32. Nf4 Ne5 33. Kc3 Nf3 34. g6 Rc8+ 35. Kd3 Ne5+ 36. Ke4 Nxg6 37. Nxg6 fxg6 38. Kf4 Rc5 39. Kg4 g5 40. Kh5 Kh7 41. Rb7 Rf5 42. Ra7 Rxf2 43. Kxg5 Rg2+ 44. Kxh4 Kh6 45. Ra6+ g6 46. Rb6 Rg1 47. Rxg6+ Kxg6 1/2-1/2


[Site "https://www.chess.com"]

[Event "Titled Tuesday Blitz June 6 Early 2023"]
[White "Tarasova, Viktoriya"]
[Black "Radzhabov, Rodion"]
[WhiteFideId "4175840"]
[BlackFideId "884715"]
[WhiteElo "2182"]
[BlackElo "2174"]
[Result "0-1"]
[Round "1"]
[TimeControl "180+2"]
[Date "2023.06.06"]
[WhiteClock "0:00:05"]
[BlackClock "0:00:19"]
[Board "97"]

1. d4 Nf6 2. c4 e6 3. Nc3 Bb4 4. Nf3 c5 5. d5 O-O 6. dxe6 fxe6 7. g3 d5 8. Bd2 d4 9. Nb1 Nc6 10. Bg2 e5 11. O-O e4 12. Ne1 Be6 13. b3 Qd7 14. a3 Bxd2 15. Nxd2 e3 16. fxe3 dxe3 17. Ne4 Qe7 18. Nxf6+ Rxf6 19. Rxf6 Qxf6 20. Nd3 Nd4 21. Qf1 Nxe2+ 22. Kh1 Qd4 23. Re1 Qxd3 24. Qxe2 Qxe2 25. Rxe2 Rd8 26. Bxb7 Rd3 27. Bd5 Bxd5+ 28. cxd5 Rxb3 29. Kg2 Kf7 30. a4 Ke7 31. Kf3 Kd6 32. Ke4 a5 33. h4 c4 34. Kd4 c3 35. Kd3 Kxd5 36. Kxe3 Kc4 37. Rf2 Rb4 38. Rf4+ Kb3 39. Kd3 Rxf4 0-1


[Site "https://www.chess.com"]

[Event "Titled Tuesday Blitz June 6 Early 2023"]
[White "Gomez Ledo, Roberto Carlos"]
[Black "a-z30"]
[WhiteFideId "3507076"]
[WhiteElo "2378"]
[BlackElo "2394"]
[Result "1/2-1/2"]
[Round "1"]
[TimeControl "180+2"]
[Date "2023.06.06"]
[WhiteClock "0:00:06"]
[BlackClock "0:00:08"]
[Board "98"]

1. d4 d6 2. Nf3 Nf6 3. Bf4 Nc6 4. e3 g6 5. h3 Bg7 6. Be2 O-O 7. O-O Ne4 8. Bh2 e5 9. c3 Ng5 10. Nbd2 Nxf3+ 11. Nxf3 e4 12. Nd2 d5 13. c4 f5 14. cxd5 Ne7 15. Bc4 Kh8 16. Qb3 Rf6 17. Rac1 b6 18. Bb5 Nxd5 19. Bc6 Rxc6 20. Rxc6 Bb7 21. Rc2 f4 22. Nxe4 fxe3 23. fxe3 Qh4 24. Ng3 Re8 25. Rf3 Nxe3 26. Rxe3 Rxe3 27. Qf7 Re1+ 28. Nf1 Re7 29. Qf4 Qxf4 30. Bxf4 Bxd4+ 31. Kh2 c5 32. Ng3 Be5 33. Bxe5+ Rxe5 34. Rd2 Re7 35. a3 Kg7 36. Ne2 Ba6 37. Nf4 Bb7 38. Ne2 h5 39. Nf4 h4 40. Ne2 g5 41. Nc3 Kf6 42. Rd6+ Re6 43. Rd2 Re7 44. Rf2+ Kg6 45. Rd2 Rf7 46. Rd6+ Rf6 47. Rd2 Rf7 48. Rd6+ Rf6 49. Rd2 Rf7 1/2-1/2


[Site "https://www.chess.com"]

[Event "Titled Tuesday Blitz June 6 Early 2023"]
[White "Silva, Kaua Marques"]
[Black "Goryachkina, Aleksandra"]
[WhiteFideId "22701168"]
[BlackFideId "4147103"]
[WhiteElo "2137"]
[BlackElo "2471"]
[Result "0-1"]
[Round "1"]
[TimeControl "180+2"]
[Date "2023.06.06"]
[WhiteClock "0:00:29"]
[BlackClock "0:00:19"]
[Board "99"]

1. e4 c6 2. d4 d5 3. exd5 cxd5 4. c4 Nf6 5. Nc3 Nc6 6. Bg5 Be6 7. c5 g6 8. Nf3 Bg7 9. Bb5 O-O 10. O-O Ne4 11. Be3 Bg4 12. Be2 b6 13. h3 Bxf3 14. Bxf3 bxc5 15. dxc5 Nxc3 16. bxc3 e6 17. Qc2 Rc8 18. Rab1 Qa5 19. Rb3 Rfd8 20. Rd1 Ne5 21. Be2 Nc4 22. Bxc4 dxc4 23. Rxd8+ Qxd8 24. Rb4 Qd5 25. Qa4 Bxc3 26. Rxc4 Be5 27. Rc1 Qc6 28. Qxa7 f5 29. Qb6 f4 30. Qxc6 Rxc6 31. Bd2 g5 32. a4 Bd4 33. Bb4 e5 34. Kf1 Kf7 35. f3 Ke6 36. Ke2 Kd5 37. Kd3 h5 38. a5 g4 39. hxg4 hxg4 40. Ra1 Bxa1 0-1


[Site "https://www.chess.com"]

[Event "Titled Tuesday Blitz June 6 Early 2023"]
[White "Malek, Jan"]
[Black "Moore, Nicholas"]
[WhiteFideId "21864080"]
[BlackFideId "4303709"]
[WhiteElo "2255"]
[BlackElo "2389"]
[Result "0-1"]
[Round "1"]
[TimeControl "180+2"]
[Date "2023.06.06"]
[WhiteClock "0:01:14"]
[BlackClock "0:00:13"]
[Board "100"]

1. f4 d5 2. Nf3 Bf5 3. g3 Nf6 4. Bg2 e6 5. d3 Nbd7 6. O-O c6 7. Nc3 Bd6 8. Qe1 Bg4 9. e4 Bxf3 10. Bxf3 dxe4 11. dxe4 e5 12. Be3 Qe7 13. Rd1 Bc5 14. Kh1 Bxe3 15. Qxe3 O-O 16. Rd2 Nb6 17. b3 Rad8 18. Rfd1 Rxd2 19. Rxd2 exf4 20. Qxf4 Rd8 21. Kg2 Rxd2+ 22. Qxd2 Nbd7 23. Ne2 Nxe4 24. Qe3 f5 25. Qxa7 Nd6 26. Qd4 Qe5 27. a4 Qxd4 28. Nxd4 Kf7 29. Kf2 Kf6 30. Ke3 Ke5 31. Bg2 g5 32. Nf3+ Kf6 33. Kd4 h6 34. Nd2 Ne5 35. c4 f4 36. gxf4 gxf4 37. a5 Ng4 38. Kc5 Nc8 39. Bh3 h5 40. Nf3 Kf5 41. Nd4+ Ke4 42. Bg2+ Ke3 43. h3 Ne5 44. Nf5+ Kf2 45. Be4 f3 46. Nd6 Ke3 47. Bxf3 Nd3# 0-1


[Site "https://www.chess.com"]

[Event "Titled Tuesday Blitz June 6 Early 2023"]
[White "Dwilewicz, Katarzyna"]
[Black "Samunenkov, Ihor"]
[WhiteFideId "1148486"]
[BlackFideId "14187086"]
[WhiteElo "2098"]
[BlackElo "2457"]
[Result "0-1"]
[Round "1"]
[TimeControl "180+2"]
[Date "2023.06.06"]
[WhiteClock "0:00:02"]
[BlackClock "0:00:05"]
[Board "101"]

1. e4 c5 2. Nf3 Nc6 3. c3 Nf6 4. e5 Nd5 5. Bc4 Nb6 6. Bb3 d5 7. exd6 Qxd6 8. d4 cxd4 9. cxd4 Be6 10. O-O Bxb3 11. axb3 e6 12. Nc3 Be7 13. Be3 O-O 14. Qe2 Nd5 15. Ne4 Qb4 16. Qc4 Rfc8 17. Rfc1 Na5 18. Qxc8+ Rxc8 19. Rxc8+ Bf8 20. Bd2 Qxb3 21. Bxa5 Qxb2 22. Rac1 Nf4 23. Ng3 Nd3 24. Rf1 Qa2 25. Bd8 Qa3 26. Ne4 h6 27. Nc5 Kh7 28. Nxd3 Qxd3 29. Bh4 Bb4 30. Rfc1 a5 31. Bg3 f6 32. R8c7 Qb5 33. Bh4 Kg6 34. Bg3 a4 35. h4 a3 36. R7c2 h5 37. Bf4 Be7 38. Be3 Qd5 39. Ne1 b5 40. Nd3 Qe4 41. Nf4+ Kh7 42. Ra2 b4 43. Ne2 b3 44. Rd2 b2 45. Rcd1 b1=Q 46. Nc3 Qxd1+ 47. Rxd1 Qc2 48. Rc1 Qb2 49. Kf1 a2 50. Ke1 a1=Q 0-1


[Site "https://www.chess.com"]

[Event "Titled Tuesday Blitz June 6 Early 2023"]
[White "Itgelt, Khuyagtsogt"]
[Black "Xie, Bryan"]
[WhiteFideId "4902912"]
[BlackFideId "30941296"]
[WhiteElo "2227"]
[BlackElo "2033"]
[Result "1-0"]
[Round "1"]
[TimeControl "180+2"]
[Date "2023.06.06"]
[WhiteClock "0:00:34"]
[BlackClock "0:00:03"]
[Board "102"]

1. d4 d5 2. c4 e6 3. Nf3 dxc4 4. Qa4+ Nd7 5. Qxc4 Ngf6 6. g3 c5 7. Bg2 cxd4 8. Nxd4 Be7 9. O-O O-O 10. Rd1 Qb6 11. Nc3 Ne5 12. Qb3 Qxb3 13. Nxb3 Nc6 14. Bg5 h6 15. Bxf6 Bxf6 16. Rac1 Rd8 17. Rxd8+ Nxd8 18. Nc5 Bd4 19. Nb5 Bxc5 20. Rxc5 Bd7 21. Nd6 Bc6 22. Bxc6 bxc6 23. b3 Kf8 24. e4 Ke7 25. e5 Rb8 26. f4 Kd7 27. Ra5 Ra8 28. Kf2 Kc7 29. Ra6 f5 30. Ke3 Nb7 31. Nc4 Nc5 32. Ra5 Nb7 33. Ra3 1-0


[Site "https://www.chess.com"]

[Event "Titled Tuesday Blitz June 6 Early 2023"]
[White "Lopez Del Alamo, Antonio"]
[Black "Amilal Munkhdalai"]
[WhiteFideId "2227339"]
[BlackFideId "4903250"]
[WhiteElo "2175"]
[BlackElo "2293"]
[Result "0-1"]
[Round "1"]
[TimeControl "180+2"]
[Date "2023.06.06"]
[WhiteClock "0:00:07"]
[BlackClock "0:00:34"]
[Board "103"]

1. e4 c5 2. Nf3 Nc6 3. b4 Nxb4 4. c3 Nc6 5. d4 d5 6. exd5 Qxd5 7. Nbd2 cxd4 8. Bc4 Qd8 9. O-O dxc3 10. Qb3 e6 11. Ne4 Nf6 12. Bg5 Be7 13. Bxf6 gxf6 14. Rad1 Qa5 15. Bb5 O-O 16. Bxc6 bxc6 17. Nxc3 Ba6 18. Rfe1 Bb4 19. Re3 Rab8 20. Qc2 Rfd8 21. Rc1 Ba3 22. Rce1 f5 23. Ne5 Rb2 24. Rg3+ Kf8 25. Qc1 Rbd2 26. Qb1 Qc5 27. Rf3 Rb2 28. Qc1 Rdd2 29. h4 Ke8 0-1


[Site "https://www.chess.com"]

[Event "Titled Tuesday Blitz June 6 Early 2023"]
[White "Veiga, Jose Francisco R P Neves"]
[Black "Koridze, Lile"]
[WhiteFideId "1930087"]
[BlackFideId "13612514"]
[WhiteElo "2319"]
[BlackElo "2047"]
[Result "0-1"]
[Round "1"]
[TimeControl "180+2"]
[Date "2023.06.06"]
[WhiteClock "0:00:50"]
[BlackClock "0:00:39"]
[Board "104"]

1. c4 e5 2. Nc3 Nf6 3. Nf3 Nc6 4. e4 Bb4 5. d3 O-O 6. g3 d6 7. Bg2 Bg4 8. O-O Nd4 9. Be3 Bc5 10. a3 a5 11. Rb1 Qd7 12. b4 axb4 13. axb4 Bb6 14. c5 dxc5 15. bxc5 Bxf3 16. Bxf3 Bxc5 17. Rxb7 Qc6 18. Bxd4 Bxd4 19. Rb3 Bxc3 20. Qc2 Rac8 21. Rxc3 Qd7 22. Rc1 c5 23. Be2 Qe6 24. Rxc5 Rcd8 25. Rc6 Qh3 26. Qc5 Ng4 27. Bxg4 Qxg4 28. Rd6 Rc8 29. Qe3 Rxc1+ 30. Qxc1 Rc8 31. Qc7 h6 32. Rd8+ Rxd8 33. Qxd8+ Kh7 34. Kg2 Qd1 35. Qd5 f6 36. h4 Qd2 37. Qd7 Qd1 38. Qf5+ Kh8 39. Qf4 exf4 0-1


[Site "https://www.chess.com"]

[Event "Titled Tuesday Blitz June 6 Early 2023"]
[White "Sargissyan, Sargis"]
[Black "Fus, Jakub"]
[WhiteFideId "13303210"]
[BlackFideId "1193023"]
[WhiteElo "2109"]
[BlackElo "2335"]
[Result "0-1"]
[Round "1"]
[TimeControl "180+2"]
[Date "2023.06.06"]
[WhiteClock "0:00:01"]
[BlackClock "0:00:05"]
[Board "105"]

1. e4 c6 2. Nf3 d5 3. Nc3 Bg4 4. h3 Bxf3 5. Qxf3 e6 6. Be2 Nf6 7. O-O Be7 8. Qg3 O-O 9. e5 Nfd7 10. d4 Kh8 11. f4 c5 12. dxc5 Bxc5+ 13. Kh1 Nc6 14. Bd3 g6 15. a3 a6 16. h4 h5 17. f5 exf5 18. Nxd5 Ndxe5 19. c4 Nxd3 20. Bg5 f6 21. Nxf6 Rxf6 22. Rad1 Qf8 23. Bxf6+ Qxf6 24. Rxd3 Re8 25. Rd5 b6 26. b4 Re3 27. Qf2 Rh3+ 28. gxh3 Bxf2 29. Rxf2 Ne5 30. Re2 Nf7 31. Rd7 Kg7 32. Ree7 Qa1+ 33. Kg2 Qb2+ 34. Kg1 Qc1+ 35. Kg2 Qxc4 36. Rc7 Qa2+ 37. Kg1 Qb3 38. Kg2 Qa2+ 39. Kg1 a5 40. bxa5 bxa5 41. Kh1 a4 42. Kg1 Kf6 43. Red7 Qa1+ 44. Kg2 Qe5 45. Kg1 Kg7 46. Kg2 Kf6 47. Kg1 Qe6 48. Kg2 Ne5 49. Rh7 Qd5+ 0-1


[Site "https://www.chess.com"]

[Event "Titled Tuesday Blitz June 6 Early 2023"]
[White "Prestia, Paris"]
[Black "Shapiro, Daniel"]
[WhiteFideId "30925959"]
[BlackFideId "2001780"]
[WhiteElo "2683"]
[BlackElo "2379"]
[Result "1-0"]
[Round "1"]
[TimeControl "180+2"]
[Date "2023.06.06"]
[WhiteClock "0:00:59"]
[BlackClock "0:00:27"]
[Board "106"]

1. d4 Nf6 2. Bg5 d5 3. e3 Nbd7 4. Nf3 g6 5. c4 Bg7 6. Nc3 e6 7. cxd5 exd5 8. Nxd5 c6 9. Nxf6+ Nxf6 10. Bd3 O-O 11. O-O Be6 12. Ne5 Qb6 13. Qc2 a5 14. h3 Nd5 15. Nc4 Qc7 16. a3 Rfc8 17. Rac1 b5 18. Nd2 a4 19. Ne4 f6 20. Bh4 Bf7 21. Bg3 Qe7 22. Nd6 Be6 23. Nxc8 Rxc8 24. Qc5 Qb7 25. Qd6 Bf7 26. Be4 Bf8 27. Bxd5 Bxd6 28. Bxf7+ Qxf7 29. Bxd6 Qd5 30. Bb4 Qb3 31. Rfd1 Qxb2 32. d5 c5 33. Bxc5 Qe5 34. d6 Rd8 35. d7 Qe6 36. Rd6 Qf7 37. Rcd1 Kg7 38. Bb6 Qe7 39. Bxd8 Qxd8 40. Rc6 1-0


[Site "https://www.chess.com"]

[Event "Titled Tuesday Blitz June 6 Early 2023"]
[White "zsizsi99"]
[Black "Begmuratov, Alisher"]
[BlackFideId "14203367"]
[WhiteElo "2377"]
[BlackElo "2387"]
[Result "0-1"]
[Round "1"]
[TimeControl "180+2"]
[Date "2023.06.06"]
[WhiteClock "0:00:07"]
[BlackClock "0:00:20"]
[Board "107"]

1. e4 e5 2. d4 exd4 3. Qxd4 Nc6 4. Qe3 Nf6 5. Nc3 Bb4 6. Bd2 O-O 7. O-O-O Re8 8. Qf4 Bxc3 9. Bxc3 Nxe4 10. Bc4 Re7 11. Bxf7+ Rxf7 12. Qxe4 d6 13. Nf3 Bf5 14. Qc4 h6 15. Rhe1 Qd7 16. h3 Kh7 17. Re3 Re8 18. Rxe8 Qxe8 19. Re1 Re7 20. Rxe7 Qxe7 21. Qf4 Qe4 22. Qxe4 Bxe4 23. Ne1 g5 24. f3 Bf5 25. Kd2 Kg6 26. Nd3 h5 27. b3 h4 28. a4 Bxd3 29. Kxd3 Kf5 30. Ke3 Ne5 31. Be1 Ng6 32. g3 d5 33. gxh4 gxh4 34. Ba5 Nf4 35. Bxc7 Nxh3 36. Bd8 Ng5 37. f4 h3 38. Kf2 Ne6 39. Bg5 Nxg5 40. fxg5 Kxg5 41. Kg3 d4 42. Kxh3 Kf4 43. Kg2 Ke3 44. Kf1 Kd2 45. b4 Kxc2 0-1


[Site "https://www.chess.com"]

[Event "Titled Tuesday Blitz June 6 Early 2023"]
[White "Khumalo, Keith"]
[Black "Ruiz Aguilar, Pablo Alexander"]
[WhiteFideId "14319470"]
[BlackFideId "4401352"]
[WhiteElo "2056"]
[BlackElo "2111"]
[Result "1/2-1/2"]
[Round "1"]
[TimeControl "180+2"]
[Date "2023.06.06"]
[WhiteClock "0:01:08"]
[BlackClock "0:00:30"]
[Board "108"]

1. d4 d5 2. Nc3 c6 3. Bf4 Bf5 4. e3 e6 5. Nf3 Nf6 6. Ne5 Nbd7 7. g4 Bg6 8. h4 h6 9. Nxg6 fxg6 10. Bd3 Kf7 11. Qf3 Kg8 12. Bxg6 Bb4 13. g5 hxg5 14. hxg5 Rxh1+ 15. Qxh1 Nf8 16. Bd3 N6d7 17. Qh5 Qe8 18. g6 Nf6 19. Qg5 Ne4 20. Bxe4 dxe4 21. Ke2 Bxc3 22. bxc3 Qxg6 23. Qh4 Qf5 24. Rg1 Ng6 25. Qg3 Nxf4+ 26. Qxf4 Qxf4 27. exf4 c5 28. Ke3 cxd4+ 29. cxd4 Rc8 30. Rc1 Rc3+ 31. Kxe4 Ra3 32. Rb1 b6 33. Rb2 Kf7 34. Ke5 Ke7 35. c4 Ra5+ 36. c5 bxc5 37. Rb7+ Kf8 38. Kxe6 Ra6+ 39. Ke5 cxd4 40. Kxd4 Rxa2 41. f3 Ra5 42. Ke4 Kg8 43. f5 Ra6 44. Kf4 Kh7 45. Kg5 Ra5 46. f4 Ra6 47. Rb1 Rf6 48. Ra1 a6 49. Rh1+ Kg8 50. Rb1 Kh7 51. Rb7 Rc6 52. Rf7 Kg8 53. Ra7 Kh7 54. Ra8 Rf6 55. Rb8 Rc6 56. Rf8 Rc1 57. f6 Rg1+ 58. Kf5 gxf6 59. Kxf6 Rg6+ 60. Kf5 Rb6 61. Ra8 Kg7 62. Kg5 Rc6 63. Ra7+ Kf8 64. f5 Rb6 65. Ra8+ Kf7 66. Ra7+ Kf8 67. Rh7 Kg8 68. Ra7 Kf8 1/2-1/2


[Site "https://www.chess.com"]

[Event "Titled Tuesday Blitz June 6 Early 2023"]
[White "Joshi, Pankaj"]
[Black "Martinez Ramirez, Lennis"]
[WhiteFideId "5006210"]
[BlackFideId "3509079"]
[WhiteElo "2376"]
[BlackElo "2410"]
[Result "0-1"]
[Round "1"]
[TimeControl "180+2"]
[Date "2023.06.06"]
[WhiteClock "0:00:10"]
[BlackClock "0:00:24"]
[Board "109"]

1. e4 c5 2. b3 g6 3. Bb2 Nf6 4. Nc3 Nc6 5. f4 Bg7 6. e5 Nh5 7. g3 d6 8. Be2 dxe5 9. Bxh5 gxh5 10. Qxh5 exf4 11. gxf4 Nd4 12. O-O-O Bf5 13. d3 Bg6 14. Qh3 Qa5 15. Nge2 b5 16. Nxd4 cxd4 17. Nd5 e6 18. Rhe1 O-O-O 19. Ne7+ Kd7 20. Nxg6 hxg6 21. Qf3 Rc8 22. Qe4 Rxh2 23. Bxd4 Rcxc2+ 24. Kb1 Qxa2# 0-1


[Site "https://www.chess.com"]

[Event "Titled Tuesday Blitz June 6 Early 2023"]
[White "Ashraf, Artin"]
[Black "Korpics, Zsolt"]
[WhiteFideId "22514805"]
[BlackFideId "705241"]
[WhiteElo "2224"]
[BlackElo "2371"]
[Result "1-0"]
[Round "1"]
[TimeControl "180+2"]
[Date "2023.06.06"]
[WhiteClock "0:00:05"]
[BlackClock "0:00:03"]
[Board "110"]

1. d4 Nf6 2. Nc3 d5 3. Bf4 c5 4. e3 a6 5. Nf3 Nc6 6. Ne5 cxd4 7. exd4 Bf5 8. Nxc6 bxc6 9. Bd3 Bg6 10. O-O e6 11. Na4 Bd6 12. Bg3 O-O 13. Qe2 a5 14. Bxd6 Qxd6 15. Nc5 Nd7 16. Nxd7 Qxd7 17. a3 Rab8 18. Rfb1 Qd6 19. Qd2 Bxd3 20. cxd3 a4 21. Rc1 Rb3 22. Rc3 Rfb8 23. Rxb3 Rxb3 24. Rc1 Qb8 25. Rxc6 h6 26. g3 Rxb2 27. Qa5 Qb3 28. Rc8+ Kh7 29. Qc7 Rb1+ 30. Kg2 Qxd3 31. Qxf7 Qe4+ 32. Kh3 Qf5+ 33. Qxf5+ exf5 34. Ra8 Rb3 35. Rxa4 Kg6 36. Ra6+ Kg5 37. a4 Rb4 38. a5 Rxd4 39. Rd6 Ra4 40. Rxd5 Kf6 41. Kg2 Ke6 42. Rb5 g6 43. Rb6+ Kd5 44. Rxg6 Rxa5 45. Rxh6 Ke5 46. Rg6 Ra8 47. f4+ Ke4 48. Re6+ Kd4 49. Re5 Rf8 50. h4 Rg8 51. h5 Rh8 52. Rxf5 Ke4 53. Re5+ Kd4 54. Kh3 Kc4 55. g4 Kd4 56. Kh4 Kc4 57. g5 Kd4 58. h6 Rf8 59. Kg4 Rh8 60. g6 Rxh6 61. g7 Rg6+ 62. Rg5 Rxg5+ 63. Kxg5 Ke4 64. g8=Q Kf3 65. f5 1-0


[Site "https://www.chess.com"]